 Dungeon Crawl Stone Soup version 0.29-a0-231-g945431f764 (webtiles) character file.

Game seed: 7831876401285113812

1163 Aksej the Cudgeller (level 8, -7/66 HPs)
             Began as a Demonspawn Monk on Mar 1, 2022.
             Was a Believer of Wu Jian.
             Mangled by a two-headed ogre
             ... wielding a +0 giant club
              (10 damage)
             ... on level 5 of the Dungeon.
             The game lasted 00:15:45 (5374 turns).

Aksej the Cudgeller (Demonspawn Monk)               Turns: 5374, Time: 00:15:45

Health: -7/66      AC: 12    Str: 14    XL:     8   Next: 17%
Magic:  8/8        EV: 11    Int: 12    God:    Wu Jian [**....]
Gold:   385        SH:  7    Dex: 13    Spells: 7/7 levels left

rFire   . . .      SeeInvis .   a - +1 whip (venom)
rCold   . . .      Faith    .   f - +3 buckler of Hunt {Rampage Fly rC- rN++}
rNeg    + + +      Spirit   .   d - +2 ring mail {rN+}
rPois   .          Reflect  .   (helmet restricted)
rElec   .          Harm     .   (no cloak)
rCorr   .          Rampage  +   h - +0 pair of gloves
Will    .....                   o - +0 pair of boots
Stlth   +.........              (no amulet)
HPRegen 0.21/turn               (no ring)
MPRegen 0.11/turn               (no ring)

@: flying, unable to read
A: claws 1, rugged brown scales 2, powered by death 1, antennae 1, clumsy 1,
cold resistance 1, inability to read while threatened, MP-powered wands
a: Renounce Religion, Wall Jump


You were on level 5 of the Dungeon.
You worshipped Wu Jian.
Wu Jian was pleased with you.
You visited 2 branches of the dungeon, and saw 6 of its levels.

You collected 385 gold pieces.

Inventory:

Hand Weapons
 a - a +1 whip of venom (weapon)
Armour
 c - a +0 helmet
 d - a +2 ring mail of positive energy (worn)
 f - the +3 buckler of Hunt (worn) {Rampage Fly rC- rN++}
   (You found it on level 2 of the Dungeon)

   rC:        It makes you vulnerable to cold.
   rN:        It greatly protects you from negative energy.
   Fly:       It grants you flight.
   Rampage:   It bestows one free step when moving towards enemies.
 h - a +0 pair of gloves (worn)
 o - a +0 pair of boots (worn)
Jewellery
 b - a ring of ice
 m - a ring of wizardry
 u - a ring of resist corrosion
Wands
 p - a wand of charming (13)
 q - a wand of iceblast (2)
 s - a wand of paralysis (8)
Scrolls
 e - 6 scrolls of teleportation
 g - 2 scrolls of blinking
 i - a scroll of fog
 j - a scroll of amnesia {unknown}
 r - a scroll of immolation {unknown}
Potions
 k - a potion of cancellation
 l - a potion of flight {unknown}
 n - a potion of attraction


   Skills:
 * Level 5.5 Fighting
 + Level 5.7 Maces & Flails
 + Level 3.6 Armour
 + Level 4.0 Dodging
 + Level 2.1 Stealth
 + Level 2.6 Shields


You had 7 spell levels left.
You didn't know any spells.
Your spell library contained the following spells:

 Spells                   Type           Power      Damage    Failure   Level
 Beastly Appendage        Tmut           0%         N/A       65%         1
 Wereblood                Tmut           0%         N/A       78%         2
 Conjure Flame            Conj/Fire      0%         6-21      95%         3
 Dazzling Flash           Conj/Hex       0%         N/A       95%         3
 Gell's Gravitas          Tloc           0%         N/A       95%         3
 Ignite Poison            Fire/Tmut/Pois 0%         N/A       95%         3
 Spider Form              Tmut/Pois      0%         N/A       95%         3
 Teleport Other           Tloc           0%         N/A       95%         3
 Iskenderun's Mystic Bla  Conj/Tloc      0%         2d3       100%        4
 Sticky Flame             Conj/Fire      0%         2d3       100%        4
 Dispersal                Tloc           0%         N/A       100%        6
 Starburst                Conj/Fire      0%         6d3       100%        6


Dungeon Overview and Level Annotations

Branches:
Dungeon (5/15)             Temple (1/1) D:5

Altars:
Cheibriados
Wu Jian
The Shining One


Innate Abilities, Weirdness & Mutations

You have sharp fingernails.
You are mostly covered in rugged brown scales. (AC +2, +5% HP)
You regenerate a little health from kills.
You have a pair of small antennae on your head.
You are clumsy. (Dex -2)
Your flesh is cold resistant. (rC+)
You sometimes lose the ability to read scrolls when taking damage.
You expend magic power (3 MP) to strengthen your wands.


Message History

The two-headed ogre barely misses you.
You spin and attack the two-headed ogre.
You barely miss the two-headed ogre.
The two-headed ogre is heavily wounded.
The two-headed ogre hits you with a +0 giant club!
The two-headed ogre hits you with a +0 giant club.
* * * LOW HITPOINT WARNING * * *
You rampage towards the orc!
You closely miss the orc. You block the orc's attack.
You spin and attack the orc repeatedly.
You hit the orc.
The orc is poisoned.
The orc is lightly wounded.
You hit the orc.
The orc is moderately wounded.
The orc closely misses you.
You spin and attack the orc repeatedly.
You hit the orc.
The orc looks as sick as possible!
The orc is severely wounded.
You hit the orc.
You kill the orc!
The Council accepts your kill.
Things that are here:
a +0 spear; a gnoll skeleton
There is an open door here.
Things that are here:
a +0 club; a gnoll skeleton You spin and attack the two-headed ogre.
You hit the two-headed ogre but do no damage.
The two-headed ogre looks as sick as possible!
The two-headed ogre is severely wounded.
The two-headed ogre barely misses you.
The two-headed ogre hits you with a +0 giant club.
* * * LOW HITPOINT WARNING * * *
You spin and attack the two-headed ogre.
You hit the two-headed ogre.
The two-headed ogre looks as sick as possible!
The two-headed ogre is almost dead.
The two-headed ogre hits you with a +0 giant club!
* * * LOW HITPOINT WARNING * * *
The two-headed ogre hits you with a +0 giant club!
You die...

.####............##.#
#.########.#.....# .#
##.## #.#..#......
###.# #.#..####...
..#.# #.#...# ...
##.## ###)### ####
#...).#
...#..####.#'#.######
#....†.'.#>#.)@...#
..(...####.###.#O...#
..... #.....#....#
.... ###'###....# ...
#..>.))...# ..
#.##.###### .
###.##.#####
#..........#
#..........#


You could see a two-headed ogre (extremely poisoned).

Vanquished Creatures
  A black bear (D:5)
  4 ogres
  2 phantoms
  2 howler monkeys
  An orc priest (D:4)
  4 hounds
  An iguana (D:5)
  2 orc wizards
  Robin (D:2)
  7 gnolls
  8 adders
  An ufetubus (D:5)
  2 worms
  3 dart slugs
  20 orcs
  5 bats
  8 endoplasms
  4 giant cockroaches
  12 goblins
  7 hobgoblins
  5 jackals
  4 kobolds
  2 quokkas
  5 ball pythons
  A frilled lizard (D:1)
  4 rats
116 creatures vanquished.

Vanquished Creatures (others)
  A goblin (D:4)
  A kobold (D:4)
  2 plants (D:3)
  3 toadstools (D:3)
7 creatures vanquished.

Grand Total: 123 creatures vanquished

Notes
Turn   | Place    | Note
-------+----------+-------------------------------------------
     0 | D:1      | Aksej the Demonspawn Monk began the quest for the Orb.
     0 | D:1      | Reached XP level 1. HP: 18/18 MP: 1/1
   221 | D:1      | Gained mutation: You are partially covered in rugged brown
                  | scales. (AC +1, +3% HP) [demonic ancestry]
   221 | D:1      | Reached XP level 2. HP: 18/24 MP: 2/2
   547 | D:1      | Found a faded altar of an unknown god.
   867 | D:2      | Reached XP level 3. HP: 21/29 MP: 3/3
   999 | D:2      | Noticed Robin
  1013 | D:2      | Killed Robin
  1391 | D:2      | Identified the +3 buckler of Hunt {Rampage Fly rC- rN++}
  1547 | D:2      | Gained mutation: You regenerate a little health from kills.
                  | [demonic ancestry]
  1547 | D:2      | Reached XP level 4. HP: 20/38 MP: 4/4
  1549 | D:2      | Gained mutation: You have hidden genetic defects. [potion
                  | of mutation]
  1549 | D:2      | Gained mutation: Your flesh is cold resistant. (rC+)
                  | [potion of mutation]
  1549 | D:2      | Gained mutation: You are agile. (Dex +2) [potion of
                  | mutation]
  2032 | D:2      | Gained mutation: You occasionally shout uncontrollably at
                  | your foes. [hidden defects]
  2417 | D:3      | Gained mutation: You sometimes lose the ability to read
                  | scrolls when taking damage. [hidden defects]
  2417 | D:3      | Lost mutation: You have hidden genetic defects. [hidden
                  | defects expressed]
  2425 | D:3      | Reached skill level 1 in Armour
  2425 | D:3      | Reached XP level 5. HP: 43/43 MP: 5/5
  2597 | D:3      | Found a snail-covered altar of Cheibriados.
  3141 | D:4      | Reached skill level 1 in Shields
  3463 | D:4      | Noticed an ogre
  3469 | D:4      | Killed an ogre
  3470 | D:4      | Gained mutation: You are mostly covered in rugged brown
                  | scales. (AC +2, +5% HP) [demonic ancestry]
  3470 | D:4      | Reached XP level 6. HP: 44/51 MP: 6/6
  3714 | D:4      | Lost mutation: You are agile. (Dex +2) [potion of mutation]
  3714 | D:4      | Lost mutation: You occasionally shout uncontrollably at
                  | your foes. [potion of mutation]
  3714 | D:4      | Gained mutation: You have a pair of small antennae on your
                  | head. [potion of mutation]
  3714 | D:4      | Gained mutation: You are clumsy. (Dex -2) [potion of
                  | mutation]
  3714 | D:4      | Gained mutation: You expend magic power (3 MP) to
                  | strengthen your wands. [potion of mutation]
  3826 | D:5      | Entered Level 5 of the Dungeon
  3913 | D:4      | HP: 1/52 [orc wizard/puff of flame (7)]
  3914 | D:4      | Reached skill level 5 in Maces & Flails
  3914 | D:4      | Gained mutation: You have sharp fingernails. [demonic
                  | ancestry]
  3914 | D:4      | Reached XP level 7. HP: 1/57 MP: 7/7
  4260 | D:5      | Reached skill level 5 in Fighting
  4970 | D:5      | Found a staircase to the Ecumenical Temple.
  4974 | Temple   | Entered the Ecumenical Temple
  4981 | Temple   | Became a worshipper of the Wu Jian Council
  4981 | Temple   | Reached * piety under Wu Jian
  4981 | Temple   | Reached ** piety under Wu Jian
  5016 | D:5      | Reached XP level 8. HP: 21/66 MP: 8/8
  5350 | D:5      | Noticed a two-headed ogre
  5374 | D:5      | HP: 3/66 [two-headed ogre/+0 giant club (11)]
  5374 | D:5      | Mangled by a two-headed ogre

Illustrated notes

Levels and vault maps discovered:
D:1:      dpeg_arrival_long_road, layout_loops_ring,
          hellmonk_ecumenical_altar_inner_sanctum
D:2:      layout_loops_ring, hangedman_decor_peaks_small, uniq_robin
D:3:      layout_loops_ring, nicolae_overflow_hidden_temple,
          minmay_gold_behind_fungi, serial_bayou_pond_d
D:4:      layout_basic, lemuel_old_faithful
D:5:      wad_river_or_something, layout_rooms, mainiacjoe_overflow_paths,
          minmay_temple_entry_glassed_door, minmay_manual_moon
Temple:   regret_index_temple_waves

Skill      XL: |  1  2  3  4  5  6  7  8 |
---------------+-------------------------+-----
Maces & Flails | 3 4 5 |  5.7
Fighting       | 4 5 |  5.5
Dodging        | 3 4 |  4.0
Armour         | 1 2 3 |  3.6
Stealth        | 2 |  2.1
Shields        | 1 2 |  2.6

Action                   |  1- 3 |  4- 6 |  7- 9 || total
-------------------------+-------+-------+-------++-------
Melee: Mace              |   126 |    68 |       ||   194
       Punch             |     2 |       |       ||     2
       Whip              |       |   164 |   162 ||   326
Invok: Whirlwind         |       |       |    15 ||    15
  Use: Scroll            |     2 |     7 |     1 ||    10
       Potion            |       |     6 |       ||     6
 Stab: Sleeping          |     1 |     1 |       ||     2
Armor: Ring mail         |    61 |   100 |    28 ||   189
Dodge: Dodged            |    78 |   100 |    75 ||   253
Block: Buckler           |     7 |    76 |    42 ||   125

Table legend: (Time is in decaauts)
 A = Elapsed time spent in this place.
 B = Non-inter-level travel time spent in this place.
 C = Inter-level travel time spent in this place.
 D = Time resting spent in this place.
 E = Time spent auto-exploring this place.
 F = Levels seen in this place.
 G = Mean time per level.
                   A        B        C        D        E       F      G
               +--------+--------+--------+--------+--------+-----+--------+
         Total |   5395 |   5262 |    133 |      0 |   4201 |   6 |  899.2 |
       Dungeon |   5380 |   5253 |    127 |      0 |   4201 |   5 | 1076.0 |
        Temple |     14 |      8 |      6 |      0 |      0 |   1 |   14.0 |
               +--------+--------+--------+--------+--------+-----+--------+

Top non-repeatable levels by time:
     D:2: 1194 daAuts
     D:5: 1181 daAuts
     D:1: 1154 daAuts
     D:4: 1065 daAuts
     D:3: 785 daAuts
  Temple: 14 daAuts
